Cogmind - Beta 13 @@@ ROGUE MODE // 2024.07.17 @ 16:18:59 Player: Temnova Result: Destroyed by V9-THE(R) with Subdweller Laser Performance ------------- Evolutions (0) 0 Regions Visited (3) 600 Robots Destroyed (37) 185 Value Destroyed (672) 672 Prototype IDs (2) 40 Alien Tech Used (0) 0 Bonus (21) 21 TOTAL SCORE: 1518 Bonus ------- Follower Combat Kills 21 Cogmind --------- Core Integrity 0/250 Matter 250/300 Energy 125/125 System Corruption 4% Temperature Cool (6) Movement Flying (200) Ox2 Location -10/Subcaves Parts ------- > --- POWER (1) -------- Light Ion Engine > --- PROPULSION (2) --- Flight Unit > --- UTILITY (2) ------ Signal Interpreter Propulsion Shielding > --- WEAPON (2) ------- Subdweller Laser Battle Cannon > --- INVENTORY (5) ---- Light Nuclear Core Targeting Computer System Shield Improved Trap Extractor (0/6) Battle Rifle Peak State ------------ > --- POWER ------------ Nuclear Core > --- PROPULSION ------- Carbon-fiber Leg Compact Wheel > --- UTILITY ---------- Sensor Array Signal Interpreter > --- WEAPON ----------- Improved Grenade Launcher Improved Datajack > --- INVENTORY -------- Ion Engine System Shield Improved Trap Extractor Small Laser [Rating: 15] Favorites ----------- Power Light Ion Engine Engine Light Ion Engine Power Core Nuclear Core Propulsion Compact Wheel Leg Carbon-fiber Leg Wheel Compact Wheel Flight Unit Flight Unit Utility Signal Interpreter Device Sensor Array Processor Signal Interpreter Protection Propulsion Shielding Weapon Improved Datajack Energy Gun Small Laser Ballistic Gun Battle Rifle Ballistic Cannon Light Cannon Launcher Grenade Launcher Special Melee Weapon Improved Datajack Build | -11 -10 -10 -10 ------- Run | Yrd Mat Min Sub Slots Evolved . | . . . . Power . | . . . . Propulsion . | . . . . Utility . | . . . . Weapon . | . . . . Parts Attached 34 | 3 13 15 3 Power 5 | . 3 2 . Engine 4 | . 3 1 . Core 1 | . . 1 . Reactor . | . . . . Propulsion 9 | 2 3 4 . Treads . | . . . . Leg 1 | . . 1 . Wheel 6 | 2 3 1 . Hover . | . . . . Flight 2 | . . 2 . Utility 7 | . 4 3 . Device 2 | . 1 1 . Storage . | . . . . Processor 1 | . 1 . . Hackware . | . . . . Protection 4 | . 2 2 . Artifact . | . . . . Weapon 13 | 1 3 6 3 Energy Gun 5 | 1 . 3 1 Energy Cannon . | . . . . Ballistic Gun 1 | . . . 1 Ballistic Cannon 2 | . 1 . 1 Launcher 3 | . 1 2 . Special Weapon . | . . . . Impact Weapon . | . . . . Slashing Weapon . | . . . . Piercing Weapon . | . . . . Special Melee Weapon 2 | . 1 1 . Unidentified Prototypes . | . . . . Corrupted Parts 1 | . . 1 . System Corruption 2 | . . 2 . Parts Lost 11 | . 4 4 3 Power . | . . . . Propulsion 4 | . 2 1 1 Utility 2 | . 1 1 . Weapon 5 | . 1 2 2 Highest Loss Streak 3 | . 2 2 3 To Critical Strikes 1 | . . 1 . Average Slot Usage (%) 87 | . 85 89 75 Engine 9 | . 14 6 14 Core 4 | . . 7 . Leg 2 | . . 3 . Wheel 15 | . 26 12 . Flight 6 | . . 8 17 Device 5 | . 3 6 . Processor 12 | . 8 14 14 Protection 4 | . 6 1 14 Energy Gun 6 | . 2 8 9 Ballistic Cannon 4 | . 11 . 1 Launcher 5 | . 9 3 . Special Melee Weapon 9 | . 2 14 2 Naked Turns . | . . . . Heaviest Build 23 | 1 23 15 11 Greatest Support 32 | 32 32 26 8 Greatest Overweight (x) 2 | . . 1 2 Average Overweight (x) . | . . . . Largest Inventory Capacity 5 | 5 5 5 5 Average Capacity 5 | 5 5 5 5 Most Carried 5 | 2 4 5 5 Average Carried 3 | . 1 3 4 Final Capacity 5 | 5 5 5 5 Final Carried 5 | 1 2 5 5 Class Distribution -------------------- 64% | Mutant 35% | Scavenger-Mutant Dominant Class ---------------- Mutant | -10/Materials Mutant | -10/Mines Mutant | -10/Subcaves Resources | -11 -10 -10 -10 ----------- Run | Yrd Mat Min Sub Matter Collected 859 | 171 457 231 . Remotely . | . . . . Salvage Created 815 | . 382 433 . Parts 76 | . 42 34 . Haulers Intercepted 2 | . 2 . . Recyclers Shooed 3 | . 1 2 . Parts Field Recycled . | . . . . Retrieved Matter . | . . . . Parts Self-Destructed 1 | . . . 1 Prevented . | . . . . Kills | -11 -10 -10 -10 ------- Run | Yrd Mat Min Sub Combat Hostiles Destroyed 20 | . 12 8 . Guns 3 | . . 3 . Cannons 4 | . 4 . . AOE 13 | . 8 5 . Classes Destroyed 10 | . 7 3 . Worker 1 | . . 1 . Builder 3 | . 3 . . Tunneler 4 | . . 4 . Hauler 2 | . 2 . . Recycler 3 | . 1 2 . Operator 1 | . 1 . . Watcher 3 | . 3 . . Swarmer 9 | . 3 6 . Grunt 9 | . 9 . . Sentry 2 | . . 2 . Best Kill Streak 7 | . 7 4 . Combat Bots Only 3 | . 3 3 . Max Kills in Single Turn 4 | . 4 3 . Gunslinging . | . . . . Exploded 3 | . 3 3 . Melee . | . . . . Uniques/NPCs Destroyed . | . . . . Combat | -11 -10 -10 -10 -------- Run | Yrd Mat Min Sub Hostile Shots Fired 90 | . 43 21 26 Missed 36 | . 14 12 10 Damage Taken 1057 | . 523 203 331 Core 256 | . 57 48 151 Absorbed by Shields . | . . . . Redirected to Shielding 17 | . . . 17 Core Remaining (%) 100 | 100 . . . Volleys Fired 117 | . 51 49 17 Largest 2 | . 1 1 2 Hottest 99 | . 35 40 99 Shots Fired 121 | . 51 51 19 Gun 61 | . . 44 17 Cannon 40 | . 37 1 2 Launcher 20 | . 14 6 . Special . | . . . . Kinetic 40 | . 37 1 2 Thermal 17 | . . 7 10 Explosive 20 | . 14 6 . Electromagnetic 44 | . . 37 7 Robot Hit Streak 8 | . 6 7 8 Robot Miss Streak 2 | . 2 2 2 Penetration Max . | . . . . Secondary Targets . | . . . . Shots Hit Robots 65 | . 28 28 9 Core Hits 55 | . 35 18 2 Critical Kills . | . . . . Critical Parts Destroyed . | . . . . Critical Strikes 3 | . 3 . . Blast 3 | . 3 . . Melee Attacks 1 | . . 1 . Impact . | . . . . Slashing . | . . . . Piercing . | . . . . Sneak Attacks 1 | . . 1 . Combat Hostiles . | . . . . Follow-up Attacks . | . . . . Damage Inflicted 2212 | . 1358 764 90 Guns 418 | . . 328 90 Cannons 421 | . 421 . . Explosions 1373 | . 937 436 . Melee . | . . . . Ramming . | . . . . Kinetic 421 | . 421 . . Thermal 125 | . 61 44 20 Explosive 1312 | . 876 436 . Electromagnetic 354 | . . 284 70 Impact . | . . . . Slashing . | . . . . Piercing . | . . . . Highest Corruption 4 | . 2 4 4 Average Corruption 3 | . 2 3 4 Corruption Purged . | . . . . Corruption Blocked . | . . . . Effects 41 | . 3 35 3 Message Errors 13 | . 3 10 . Matter Fused 6 | . . 5 1 Energy Discharges 5 | . . 4 1 Parts Fused 1 | . . 1 . Data Loss (minor) 10 | . . 9 1 Misfires 3 | . . 3 . Alerts 2 | . . 2 . Weapon Failures 1 | . . 1 . Overload Shots . | . . . . Overflow Damage 41 | . 8 33 . Projectiles . | . . . . Explosions 41 | . 8 33 . Melee . | . . . . Knockbacks 6 | . 6 . . Impact . | . . . . Kinetic 5 | . 5 . . Secondary 1 | . 1 . . Self-Inflicted Damage 205 | . 74 131 . Shots 6 | . 3 3 . Rammed . | . . . . Targets Rammed . | . . . . Kicked . | . . . . Crushed . | . . . . Highest Temperature 48 | . 48 40 . Average Temperature 12 | . 13 12 . Received Heat Transfer 291 | . 213 . 78 Siege Activations . | . . . . Robots Corrupted . | . . . . Combat Hostiles . | . . . . Parts Fried 1 | . . 1 . Impact Corruptions . | . . . . Robots Melted . | . . . . Combat Hostiles . | . . . . Parts Melted . | . . . . Heat Transferred 175 | . 50 100 25 Parts Sabotaged . | . . . . Parts Stolen . | . . . . Parts Stripped . | . . . . Power Chain Reactions . | . . . . Alert | -11 -10 -10 -10 ------- Run | Yrd Mat Min Sub Peak Influence 342 | . 342 275 . Initial 133 | . . 133 . Average 135 | . 196 107 . Maximum Alert Level 1 | . 1 1 . Low Security (%) 76 | 100 46 91 . Level 1 23 | . 53 8 . Level 2 . | . . . . Level 3 . | . . . . Level 4 . | . . . . Level 5 . | . . . . High Security . | . . . . Max Security . | . . . . Squads Dispatched 1 | . 1 . . Investigation . | . . . . Extermination . | . . . . Reinforcement 1 | . 1 . . Assault . | . . . . Garrison . | . . . . Intercept . | . . . . Searches Triggered . | . . . . Construction Impeded . | . . . . Haulers Reinforced . | . . . . Active Scanning Responses . | . . . . Cargo Convoy Interrupts . | . . . . Stealth | -11 -10 -10 -10 --------- Run | Yrd Mat Min Sub Distress Signals 2 | . 2 . . Communications Jammed . | . . . . Distress Signals . | . . . . Times Spotted 36 | . 17 12 7 Peak Tracking Total 4 | . 3 3 4 Tactical Retreats 3 | . . 1 2 Traps | -11 -10 -10 -10 ------- Run | Yrd Mat Min Sub Traps Triggered 2 | . 1 1 . Indirectly . | . . . . Trap Hack Attempts . | . . . . Triggered . | . . . . Disarmed . | . . . . Reprogrammed . | . . . . Reused . | . . . . Traps Extracted . | . . . . Installed . | . . . . Triggered 1 | . . 1 . Machines | -11 -10 -10 -10 ---------- Run | Yrd Mat Min Sub Machines Disabled 3 | . 3 . . Max in Single Turn 2 | . 2 . . Machines Repaired . | . . . . Machines Dismantled . | . . . . Machines Sabotaged . | . . . . Overloaded Fab Kills . | . . . . Hacking | -11 -10 -10 -10 --------- Run | Yrd Mat Min Sub Machines Accessed 7 | . 6 1 . Terminals 5 | . 5 . . Fabricators . | . . . . Repair Stations . | . . . . Recycling Units 1 | . 1 . . Scanalyzers . | . . . . Garrison Access . | . . . . Total Hacks 20 | . 19 1 . Successful 12 | . 11 1 . Failed 8 | . 8 . . Catastrophic 2 | . 2 . . Database Lockouts . | . . . . Manual 7 | . 6 1 . Terminals 18 | . 18 . . Fabricators . | . . . . Repair Stations . | . . . . Recycling Units 1 | . 1 . . Scanalyzers . | . . . . Garrison Access . | . . . . Terminal Hacks 12 | . 11 1 . Record 3 | . 3 . . Robot Analysis 1 | . 1 . . Prototype ID Bank 1 | . 1 . . Open Door 1 | . . 1 . Branch Access Points 1 | . 1 . . Scanalyzer Index 1 | . 1 . . Alert Level 1 | . 1 . . Recall Investigation 1 | . 1 . . Hauler Manifests 1 | . 1 . . Zone Layout 1 | . 1 . . Fabricator Hacks . | . . . . Repair Station Hacks . | . . . . Recycling Unit Hacks . | . . . . Scanalyzer . | . . . . Garrison Access Hacks . | . . . . Unauthorized Hacks . | . . . . Terminals . | . . . . Fabricators . | . . . . Repair Stations . | . . . . Recycling Units . | . . . . Scanalyzers . | . . . . Garrison Access . | . . . . Data Cores Recovered . | . . . . Used . | . . . . Hacking Detections 6 | . 6 . . Full Trace Events 1 | . 1 . . Feedback Events . | . . . . Feedback Blocked . | . . . . Robot Schematics Acquired . | . . . . Robots Built . | . . . . Authchips . | . . . . Time . | . . . . Total Robot Build Rating . | . . . . Part Schematics Acquired . | . . . . Parts Built . | . . . . Authchips . | . . . . Time . | . . . . Total Part Build Rating . | . . . . Parts Repaired . | . . . . Time . | . . . . Parts Recycled . | . . . . Recycled Matter . | . . . . Retrieved Matter . | . . . . Retrieved Components . | . . . . Parts Scanalyzed . | . . . . Part Schematics Acquired . | . . . . Parts Damaged . | . . . . Bothacking | -11 -10 -10 -10 ------------ Run | Yrd Mat Min Sub Used RIF Installer . | . . . . Robots Hacked . | . . . . Non-combat . | . . . . Combat . | . . . . Robot Hacks Applied . | . . . . Relay Couplers Released . | . . . . Fabnet Peak Effective % . | . . . . Robots Rewired . | . . . . Allies Hacked . | . . . . Hacks Repelled . | . . . . Allies | -11 -10 -10 -10 -------- Run | Yrd Mat Min Sub Total Allies 3 | . . 3 . Largest Group 3 | . . 3 . Highest-Rated Group 40 | . . 40 . Highest-Rated Ally 16 | . . 16 . Total Orders . | . . . . Ally Attacks 14 | . . 14 . Total Damage 117 | . . 117 . Kills 3 | . . 3 . Allies Corrupted . | . . . . Allies Melted . | . . . . Intel | -11 -10 -10 -10 ------- Run | Yrd Mat Min Sub Robot Analysis Total 1 | . 1 . . Derelict Logs Recovered 2 | . . 2 . Drone Launches . | . . . . Drone Recoveries . | . . . . Exploration | -11 -10 -10 -10 ------------- Run | Yrd Mat Min Sub Turns Passed 2369 | 44 737 1416 172 Spaces Moved 2119 | 40 631 1242 206 Core 5 | 5 . . . Treads . | . . . . Legs 254 | . . 254 . Wheels 1076 | 35 631 410 . Hover . | . . . . Flight 784 | . . 578 206 Fastest Speed 37 | 50 90 37 37 Average Speed 78 | 93 94 71 62 Slowest Speed 200 | 100 100 120 200 Overloaded Moves . | . . . . Propulsion Burnouts . | . . . . Robots Hopped 9 | . . 9 . Cave-ins Triggered . | . . . . Exploration Rate (%) 49 | 4 72 101 22 Regions Visited 3 Branch Regions 2 Pre-discovered Areas 1 | . . 1 . Known Exits Taken 2 | . 1 1 . Unknown Exits Taken 1 | 1 . . . Scrap Searched 1 | . . 1 . Spaces Dug 20 | . 3 17 . Terrain Destroyed 176 | . 105 71 . Melee . | . . . . Projectile . | . . . . AOE 176 | . 105 71 . Terrain Rammed . | . . . . Walls Destroyed . | . . . . Machines Disabled . | . . . . Actions | -11 -10 -10 -10 --------- Run | Yrd Mat Min Sub Total 2703 | 46 717 1711 229 Wait 396 | . 6 389 1 Move 2099 | 39 630 1224 206 Hop 8 | . . 8 . Pick Up 30 | 4 13 13 . Fast Attach 9 | . . 6 3 Attach 19 | 3 9 7 . Detach 3 | . . 2 1 Swap 6 | . 4 2 . Drop 15 | . 4 10 1 Fire 117 | . 51 49 17 Melee 1 | . . 1 . Ram . | . . . . Kick . | . . . . Crush . | . . . . Escape Stasis . | . . . . Rewire . | . . . . Trap . | . . . . Miscellaneous . | . . . . Route ------- -11/Scrapyard -10/Materials (discovered 3 exits: *Mat x2 / *Min) -10/Mines (discovered 3 exits: *Mat x2 / *Sub) -10/Subcaves History --------- Turn | Location | Event 27 | -11/Scrapyard | Discovered new exit (range 16) 45 | -11/Scrapyard | Entered Materials 62 | -10/Materials | Identified exit to Mines 320 | -10/Materials | Build established: Mutant 343 | -10/Materials | Discovered new exit (range 5) 399 | -10/Materials | Identified exit to Materials 539 | -10/Materials | Discovered exit to Materials (range 16) 782 | -10/Materials | Entered Mines 940 | -10/Mines | Build established: Scavenger-Mutant 977 | -10/Mines | Met a Derelict who couldn't figure out how to use a Trap Extractor 1298 | -10/Mines | Build established: Mutant 1501 | -10/Mines | Learned location of Zion (-6) 1512 | -10/Mines | Assisted by bots powering up and referring to "LRC-V3" 1560 | -10/Mines | Discovered exit to Materials (range 13) 1656 | -10/Mines | Discovered exit to Materials (range 5) 1915 | -10/Mines | Lost 3 allies 2044 | -10/Mines | Build established: Scavenger-Mutant 2161 | -10/Mines | Discovered new exit (range 3) 2162 | -10/Mines | Identified exit to Subcaves 2198 | -10/Mines | Entered Subcaves 2229 | -10/Subcaves | Core integrity fell below 50% 2266 | -10/Subcaves | Shifting Twisted Machinery released Battle Rifle 2266 | -10/Subcaves | Lost 3 parts (1n2w) 2269 | -10/Subcaves | Shifting Twisted Machinery released Sub. Laser 2350 | -10/Subcaves | Core integrity fell below 20% 2351 | -10/Subcaves | Shifting Twisted Machinery released Battle Rifle 2351 | -10/Subcaves | Shifting Twisted Machinery released Battle Cannon 2370 | -10/Subcaves | Destroyed by V9-THE(R) with Subdweller Laser Last Messages --------------- AMBIENT_HEAT=-10 GOAL=ESCAPE Imp. Datajack destroyed. EM Pulse Gun destroyed. 9A-HHV(R) IFF system glitched. Flight Unit destroyed. Battle Rifle falls loose from the Twisted Machinery. Sub. Laser falls loose from the Twisted Machinery. Acquired Battle Rifle. System corrupted: Matter fused (-5). Acquired Sub. Laser. Dropped Mining Laser. Subatomizers dissect the Mining Laser. System corrupted: Component data lost. Subatomizers dissect the Mining Laser. System corrupted: Energy discharge (-37). 5I-38P(R) emerges from concealment. Battle Rifle falls loose from the Twisted Machinery. Battle Cannon falls loose from the Twisted Machinery. Acquired Battle Cannon. Map ----- +----------------------------------------------------+ | ?????????????????????????????????????????????????? | | ?????????????????????????????????????????????????? | | ?????????????????????????????????????????????????? | | ?????????????????????????????????????????????????? | | ?????????????????????????????????????????????????? | | ?????????????????????????????????????????????????? | | ?????????????????????????????????????????????????? | | ?????????????????????????????????????????????????? | | ?????????????????????????????????????????????????? | | ?????????????????????????????????????????????????? | | ?????????????????????????????????????????????????? | | ?????????????????????????????????????????????????? | | ?????????????????????????????????????????????????? | | ?????????????????????????????????????????????????? | | ?????????????????????????????????????????????????? | | ?????????????????????????????????????????????????? | | ?????????????????????????????????????????????????? | | ???????????????????????##????????????????????????? | | ???????????????# ##???## ????????????????????????? | | ???????????? ## ??# ????????????????????????? | | ??????????? ??# #???????????????????????? | | ??????????? ??# ##??????????????????????? | | ???????????# ??# ??????????????????????? | | ????????????# ?## #??????????????????????? | | ??????????#??# ## #??????????????????????? | | ??????????# ## @##?????????????????????? | | ???????? ## #?????????????????????? | | ???????? R ##?????????????????????? | | ??????? R[ #??????????????????????? | | ?????????# " "#??????????????????????? | | ?????????# " "#??????????????????????? | | ??????????? ### ###??????????????????????? | | ???????????????## ###????????????????????????? | | ????????????????# " R##?????????????????????????? | | ????????????????# """ ####?????????????????????## | | ????????????????##"""" "" #?????????????????????# | | ?????????????????###" "##?????????????????????# | | ???????????????????## " ##?????????????????????# | | ?????????????#??????###"" #?????????????????????# | | ?????????????# ????##" #?????????????????????# | | ??????????? ## ###"" ##????????????????????## | | ????????? #????????????? ####### | | ?????????# ##???????????? | | ??????????# #### #???????????? | | ??????????## ???##" ##?????????????# | | ??????????# ?????#"" ##?????????????# | | ??????????# ??????#"| ##?????????????# | | ???????????#""#?????## #?????????????# # | | ??????????##" ####?## ##????????????# # | | ??????????# """#"### ###??????????# | +----------------------------------------------------+ Best States ------------- Heat Dissipation 25 Energy Generation 14 Energy Capacity 250 Matter Stores 300 Matter Capacity 300 Sight Range 16 Robot Scan Range 14 Terrain Scan Density 10 Armor Coverage 450 Propulsion Shielding 33 Evasion (%) 62 Item Schematics ----------------- None Robot Schematics ------------------ None Fabricated ------------ Nothing Alien Tech Used ----------------- None Achievements -------------- Maybe Next Time I'll Detach My Launcher Challenges ------------ None Game ------ Seed RemoteShadeDevice Manual? 0 Play Time 00:29:14 Cumulative 8.0 hours Start 2024.07.17 @ 15:51:53 End 2024.07.17 @ 16:18:59 Sessions 1 Manual Loads 0 Difficulty Rogue Special Mode None Game No. 20 Rogue 20 Adventurer 0 Explorer 0 Win Type - Total 0 Types 0/0/0/0/0/0/0/0/0 Lore% 16 Gallery% 16 Achievement% 17 Wizard Run 0 Options --------- Layout 0 ASCII 0 Keyboard 0 Movement Arrows Keybinds 0 Fullscreen 1 Font 18/SmallcapsGlow Map View 38x25 Zoom Use 99% Tactical HUD 0 Map Filters NONE Filters NONE Steam 1 RUN: 9bb15b64-7282-46d9-a88c-72b5964be233